Map: Acropolis LE

Players

Mez

  • Race: Terran Terran
  • League: Master
  • Spawn Location: 11:00

Sentinel - Winner!

  • Race: Terran Terran
  • League: Master
  • Spawn Location: 5:00

VOD

Have the link to the VOD?

Description

Time

  • Played on: Aug. 6, 2019, 4:21 p.m.
  • Length: 8:55
Show
View Real Time Build Order
Export as new Build Order

Mez Terran 

Build Orders: 1/1/1, Cyclone Opening 

Get SALT Encoding   

  12  0:01  SCV  
  13  0:13  SCV  
  14  0:17  Supply Depot  
  14  0:25  SCV  
  15  0:39  SCV  
  15  0:40  Barracks  
  16  0:45  Refinery  
  16  0:51  Refinery  
  16  0:53  SCV  
  17  1:05  SCV  
  18  1:17  SCV  
  19  1:29  Reaper, Orbital Command  
  20  1:42  Factory  
  20  1:43  Supply Depot  
  20  1:55  SCV  
  21  2:01  Reaper  
  21  2:08  SCV  
  23  2:20  SCV  
  24  2:27  Starport, Factory Tech Lab  
  24  2:32  SCV  
  24  2:35  Barracks Reactor  
  25  2:48  SCV  
  25  2:49  Command Center  
  26  2:55  Cyclone  
  28  3:22  Supply Depot  
  28  3:24  Starport Tech Lab  
  28  3:27  Marine  
  28  3:28  Marine  
  28  3:30  SCV  
  31  3:44  Raven, Cyclone  
  31  3:46  Supply Depot  
  36  3:53  Marine x2  
  36  3:54  SCV  
  39  4:02  Orbital Command  
  39  4:05  Refinery  
  39  4:06  SCV  
  43  4:17  Siege Tank, Marine  
  43  4:18  SCV, Marine  
  46  4:28  SCV  
  47  4:44  SCV x2  
  49  4:47  Marine x2  
  49  4:48  Raven  
  53  4:53  Supply Depot  
  53  4:56  SCV x2  
  53  4:57  Command Center  
  55  5:04  Siege Tank  
  58  5:08  SCV x2  
  58  5:09  Marine x2  
  62  5:16  Supply Depot  
  62  5:20  SCV x2  
  64  5:30  Barracks  
  64  5:32  Raven, SCV, Barracks  
  64  5:33  SCV  
  68  5:40  Siege Tank  
  71  5:44  Marine x2  
  71  5:45  SCV x2  
  71  5:48  Supply Depot  
  75  5:56  Supply Depot  
  75  6:01  Engineering Bay  
  75  6:03  SCV x2  
  77  6:04  Engineering Bay  
  77  6:11  Orbital Command  
  76  6:19  Siege Tank  
  76  6:22  Barracks Reactor x2  
  79  6:29  Barracks  
  79  6:30  SCV x2  
  79  6:31  Barracks  
  81  6:36  Refinery  
  81  6:37  Supply Depot  
  81  6:40  Orbital Command  
  81  6:45  Viking x2  
  85  6:49  Stimpack  
  85  6:52  Siege Tank  
  85  6:57  SCV x2  
  87  7:02  Supply Depot  
  87  7:06  SCV  
  88  7:21  Marine x2  
  88  7:22  Barracks Reactor x2, Viking  
  92  7:25  SCV  
  92  7:26  SCV x2  
  95  7:36  Marine x3  
  97  7:38  SCV x3  
  97  7:39  Siege Tank  
  103  7:50  SCV x3  
  106  7:54  Marine x2  
  106  7:55  Marine x3  
  106  7:57  Viking x2  
  115  8:02  Refinery, SCV x3  
  118  8:05  Marine  
  118  8:06  Marine x3  
  118  8:11  Siege Tank  
  125  8:22  SCV  
  125  8:32  Refinery  
Show
View Real Time Build Order
Export as new Build Order

Sentinel Terran - Winner!

Build Orders:  

Get SALT Encoding   

  12  0:01  SCV  
  13  0:13  SCV  
  14  0:17  Supply Depot  
  14  0:25  SCV  
  15  0:29  Refinery  
  15  0:39  SCV  
  16  0:44  Barracks  
  16  0:51  SCV  
  17  1:01  Refinery  
  17  1:04  SCV  
  18  1:16  SCV  
  20  1:34  Reaper, Orbital Command  
  20  1:38  Factory  
  20  1:51  Supply Depot  
  20  2:01  SCV  
  21  2:06  Reaper  
  22  2:13  SCV  
  25  2:23  Hellion  
  25  2:25  SCV  
  26  2:31  Command Center  
  26  2:42  Reaper  
  26  2:43  Starport  
  27  2:48  Hellion  
  28  2:52  SCV  
  28  2:56  Supply Depot  
  29  3:04  SCV  
  30  3:16  SCV  
  31  3:21  Factory Tech Lab  
  31  3:28  SCV  
  31  3:31  Barracks Tech Lab  
  32  3:40  SCV  
  33  3:41  Cyclone  
  33  3:44  Orbital Command  
  36  3:52  Refinery  
  36  3:53  SCV  
  37  3:56  Raven  
  37  3:58  Barracks Reactor  
  39  4:08  SCV  
  40  4:13  SCV  
  40  4:15  Siege Tank  
  44  4:24  SCV  
  45  4:25  SCV  
  45  4:28  Supply Depot  
  46  4:36  SCV, Marine x2  
  46  4:38  Command Center  
  49  4:41  SCV  
  49  4:44  Raven  
  52  4:52  SCV  
  53  4:53  SCV  
  53  4:55  Siege Tank  
  57  5:03  Refinery  
  57  5:04  SCV  
  58  5:08  SCV  
  59  5:15  Supply Depot  
  59  5:17  SCV  
  59  5:18  Supply Depot  
  59  5:20  SCV  
  59  5:29  SCV  
  59  5:32  SCV  
  61  5:41  SCV  
  62  5:44  SCV  
  62  5:46  Viking x2  
  62  5:47  Siege Tank  
  62  5:48  Stimpack, Marine  
  71  5:53  SCV, Barracks  
  71  5:54  Barracks  
  71  5:56  SCV, Orbital Command  
  72  6:05  SCV  
  72  6:08  SCV, Marine  
  75  6:12  Engineering Bay x2  
  75  6:16  Supply Depot  
  75  6:17  SCV  
  73  6:21  SCV  
  74  6:25  Marine  
  74  6:28  SCV  
  74  6:29  SCV  
  77  6:33  SCV  
  78  6:40  SCV  
  78  6:41  SCV  
  78  6:42  Barracks Reactor  
  78  6:43  Barracks Reactor  
  78  6:44  Barracks Tech Lab  
  78  6:45  Siege Tank, SCV  
  84  6:48  Barracks x2  
  84  6:53  SCV  
  85  6:57  SCV  
  85  6:58  Orbital Command  
  85  6:59  Terran Infantry Armor Level 1, Terran Infantry Weapons Level 1  
  85  7:01  Armory  
  85  7:02  Viking  
  85  7:03  Viking, Marine x2  
  85  7:06  Combat Shield  
  85  7:08  SCV  
  92  7:17  Siege Tank  
  92  7:20  Marine x2  
  97  7:27  SCV x2  
  98  7:32  Marine  
  99  7:39  SCV x2  
  99  7:40  Marine x2  
  99  7:41  Sensor Tower  
  99  7:42  Sensor Tower  
  99  7:43  Barracks Reactor x2  
  101  7:46  Supply Depot x2  
  101  7:47  Marine  
  101  7:49  Marine  
  103  7:51  SCV x2  
  103  7:56  SCV  
  106  8:01  Supply Depot x2  
  105  8:14  SCV x3  
  105  8:16  Marine x4  
  105  8:17  Viking, Siege Tank  
  105  8:18  Viking  
  119  8:26  Marine x4  
  123  8:27  SCV x2  
  123  8:29  Refinery  
  123  8:34  Marine x4  
Tags
 
Add a new tag
Caveats
  • Supply blocks, unpowered buildings, or Contaminate may cause inaccurate times.
  • Supply counts are checked every 10 seconds.